 Dungeon Crawl Stone Soup version 0.29.1-12-g30fa7ad0bf (webtiles) character file.

Game seed: 17187482253083955609

32217 WarchitectNL the Bludgeoner (level 13, 0/95 HPs)
             Began as a Minotaur Fighter on Jan 14, 2023.
             Was the Champion of Makhleb.
             Slain by a +5 glaive of protection (25 damage)
             ... on level 1 of the Elven Halls.
             The game lasted 01:38:36 (11275 turns).

WarchitectNL the Bludgeoner (Minotaur Fighter)     Turns: 11275, Time: 01:38:36

Health: 0/95       AC: 32    Str: 28    XL:     13   Next: 30%
Magic:  12/12      EV:  7    Int:  5    God:    Makhleb [******]
Gold:   738        SH: 13    Dex: 14    Spells: 12/12 levels left

rFire   . . .      SeeInvis +   A - +7 morningstar of the Wilderness {venom, rElec rPois rN++ Dex+4}
rCold   . . .      Faith    .   b - +0 kite shield
rNeg    + + .      Spirit   .   n - +5 plate armour {Will+}
rPois   +          Reflect  .   (helmet restricted)
rElec   +          Harm     .   y - +1 cloak {Will+}
rCorr   +          Rampage  .   r - +2 pair of gloves
Will    +++..                   j - +2 pair of boots of Cloud Cover {rElec rPois Regen+ Slay+5}
Stlth   ..........              C - amulet "Lunycef" {Regen+ rCorr Str+2}
HPRegen 1.85/turn               g - ring of see invisible
MPRegen 0.13/turn               e - ring of willpower

@: no status effects
A: horns 2, retaliatory headbutt
a: Renounce Religion, Minor Destruction, Lesser Servant of Makhleb, Major
Destruction, Greater Servant of Makhleb


You were on level 1 of the Elven Halls.
You worshipped Makhleb.
Makhleb was exalted by your worship.
You visited 4 branches of the dungeon, and saw 15 of its levels.
You also visited: Bailey.

You collected 2152 gold pieces.
You spent 1414 gold pieces at shops.

Inventory:

Hand Weapons
 m - a +5 spectral morningstar
 A - the +7 morningstar of the Wilderness (weapon) {venom, rElec rPois rN++ Dex+4}
   (You bought it in a shop on level 2 of the Orcish Mines)

   It poisons the flesh of those it strikes.
   Dex:       It affects your dexterity (+4).
   rElec:     It insulates you from electricity.
   rPois:     It protects you from poison.
   rN:        It greatly protects you from negative energy.
Missiles
 q - 9 throwing nets
Armour
 b - a +0 kite shield (worn)
 j - the +2 pair of boots of Cloud Cover (worn) {rElec rPois Regen+ Slay+5}
   (You acquired it on level 3 of the Dungeon)

   Slay:      It affects your accuracy & damage with ranged weapons and melee
   (+5).
   rElec:     It insulates you from electricity.
   rPois:     It protects you from poison.
   Regen:     It increases your rate of health regeneration.
 n - a +5 plate armour of willpower (worn)
 r - a +2 pair of gloves (worn)
 y - a +1 cloak of willpower (worn)
Jewellery
 e - a ring of willpower (right hand)
 g - a ring of see invisible (left hand)
 C - the amulet "Lunycef" (around neck) {Regen+ rCorr Str+2}
   (You found it on level 11 of the Dungeon)

   [amulet of regeneration]

   Str:       It affects your strength (+2).
   Regen:     It increases your rate of health regeneration.
   rCorr:     It protects you from acid and corrosion.
Wands
 c - a wand of roots (15)
 p - a wand of flame (23)
 t - a wand of quicksilver (20) (quivered)
 z - a wand of paralysis (14)
Scrolls
 a - 5 scrolls of teleportation
 d - 5 scrolls of blinking
 f - 10 scrolls of identify
 h - 3 scrolls of fear
 i - 2 scrolls of fog
 l - a scroll of vulnerability
 o - a scroll of magic mapping
 w - 2 scrolls of summoning
Potions
 k - 2 potions of haste
 s - a potion of resistance
 v - a potion of attraction
 x - 3 potions of brilliance
 D - a potion of lignification


   Skills:
 - Level 3.6 Fighting
 - Level 3.4 Long Blades
 - Level 16.0 Maces & Flails
 + Level 15.8 Armour
 + Level 15.7 Shields


You had 12 spell levels left.
You didn't know any spells.
Your spell library contained the following spells:

 Spells                   Type           Power      Damage    Failure   Level
 Apportation              Tloc           0%         N/A       99%         1
 Foxfire                  Conj/Fire      0%         2x1d4     99%         1
 Necrotise                Necr           0%         1d4       99%         1
 Summon Small Mammal      Summ           0%         N/A       99%         1
 Sublimation of Blood     Necr           0%         N/A       100%        2
 Wereblood                Tmut           0%         N/A       100%        2
 Ignite Poison            Fire/Tmut/Pois 0%         N/A       100%        3
 Inner Flame              Hex/Fire       0%         N/A       100%        3
 Airstrike                Air            0%         2d(0-16)  100%        4
 Animate Armour           Summ/Erth      0%         N/A       100%        4
 Cause Fear               Hex            0%         N/A       100%        4
 Summon Lightning Spire   Summ/Air       0%         N/A       100%        4
 Blade Hands              Tmut           0%         N/A       100%        5
 Lightning Bolt           Conj/Air       0%         1d11      100%        5
 Iron Shot                Conj/Erth      0%         9d1       100%        6
 Summon Hydra             Summ           0%         N/A       100%        7
 Ignition                 Fire           0%         3d3       100%        8


Dungeon Overview and Level Annotations

Branches:
Dungeon (11/15)            Temple (1/1) D:6            Lair (0/5) D:11
    Orc (2/2) D:11            Elf (1/3) Orc:2        Bailey (visited)

Altars:
Ashenzari
Cheibriados
Dithmenos
Elyvilon
Fedhas
Gozag
Hepliaklqana
Kikubaaqudgha
Makhleb
Nemelex Xobeh
Okawaru
Qazlal
Ru
Sif Muna
Trog
Uskayaw
Vehumet
Wu Jian
Xom
Yredelemnul
Zin
The Shining One

Shops:
D:7 ?   D:11 [   Orc:1 (   Orc:2 [([(


Innate Abilities, Weirdness & Mutations

You have a pair of horns on your head.
You reflexively headbutt those who attack you in melee.


Message History

The air elemental hits you but does no damage.
You impale the air elemental!!
You destroy the air elemental!
Makhleb accepts your kill.
You feel better.
You block the +5 glaive of protection's attack.
You block the +5 glaive of protection's attack.
You see here 8 gold pieces.
You block the +5 glaive of protection's attack.
The +5 glaive of protection closely misses you.
The +5 glaive of protection hits you.
You closely miss the +5 glaive of protection.
You closely miss the +5 glaive of protection.
You headbutt the +5 glaive of protection.
The +5 glaive of protection is lightly damaged.
The +5 glaive of protection hits you!!
You sock the +5 glaive of protection!
You headbutt the +5 glaive of protection, but do no damage.
The +5 glaive of protection is heavily damaged.
The +5 glaive of protection hits you.
You barely miss the +5 glaive of protection.
You headbutt the +5 glaive of protection, but do no damage.
The +5 glaive of protection is moderately damaged.
The +5 glaive of protection hits you but does no damage.
You puncture the +5 glaive of protection!
Your headbutt misses the +5 glaive of protection.
The +5 glaive of protection is severely damaged.
You block the +5 glaive of protection's attack.
You hit the +5 glaive of protection but do no damage.
The +5 glaive of protection is severely damaged.
The +5 glaive of protection hits you!
* * * LOW HITPOINT WARNING * * *
You hit the +5 glaive of protection but do no damage.
The +5 glaive of protection is severely damaged.
You block the +5 glaive of protection's attack.
You puncture the +5 glaive of protection!
Your headbutt misses the +5 glaive of protection.
The +5 glaive of protection is almost destroyed.
The +5 glaive of protection hits you!!
You die...

... #.... . ..# #### ##
#. #.###..# #.
###..##.##..###########.
.....#..........#...##..
........................
........$.......#...##..
.......@.........#####..
......(.................
......##.#..#..#######..
...... #.####...# ##..#
.....# #.# #.##..###..#.
##### #.# .# #..#..#.#
### #......). #...#.###
#..... #.


You could see a +5 glaive of protection.

Vanquished Creatures
  Saint Roka (Orc:2)
  Fannar (Orc:1)
  Harold (Orc:1)
  A hydra (D:11)
  3 two-headed ogres
  A dancing weapon (Elf:1)
  An orc high priest (Orc:2)
  2 deep elf knights (Elf:1)
  A deep elf archer (Elf:1)
  4 deep elf zephyrmancers (Elf:1)
  4 orc knights
  2 deep elf pyromancers (Elf:1)
  Pikel (D:6)
  A manticore (D:11)
  4 orc sorcerers (Orc:2)
  An ugly thing (D:10)
  Maurice (Orc:2)
  A gargoyle (D:10)
  5 trolls
  A hornet (D:9)
  An air elemental (Elf:1)
  A shadow (D:9)
  7 wyverns
  2 wraiths
  Eustachio (D:6)
  12 yaks
  A basilisk (D:11)
  3 wargs (Orc:1)
  2 acid dragons
  4 water moccasins
  41 orc warriors
  3 black bears (D:11)
  2 ice beasts
  11 ogres
  3 centaurs
  8 wolves
  3 lemures (D:6)
  A kobold brigand (D:7)
  3 bullfrogs
  9 gnoll sergeants
  3 scorpions (D:11)
  8 wights
  5 killer bees (D:7)
  2 howler monkeys
  4 hounds
  Crazy Yiuf (D:6)
  21 orc priests
  3 jellies
  5 gnoll boudas (Bailey)
  5 iguanas
  Terence (D:3)
  31 orc wizards
  26 gnolls
  6 adders
  A shadow imp (D:5)
  4 white imps
  An ufetubus (D:4)
  3 worms (D:2)
  3 dart slugs
  110 orcs
  6 endoplasms
  A giant cockroach (D:3)
  9 hobgoblins
  13 kobolds
  2 quokkas
  6 ball pythons
  4 bats
  3 frilled lizards
  12 goblins
  6 rats
460 creatures vanquished.

Vanquished Creatures (others)
  A deep elf zephyrmancer (Elf:1)
  2 orc wizards (Orc:1)
  An orc (Orc:1)
  2 fungi (D:11)
  6 plants (D:11)
12 creatures vanquished.

Grand Total: 472 creatures vanquished

Notes
Turn   | Place    | Note
-------+----------+-------------------------------------------
     0 | D:1      | WarchitectNL the Minotaur Fighter began the quest for the
                  | Orb.
     0 | D:1      | Reached XP level 1. HP: 19/19 MP: 0/0
    89 | D:1      | Reached XP level 2. HP: 13/26 MP: 1/1
   366 | D:1      | You fall into a shaft and drop 1 floor!
   527 | D:1      | Reached XP level 3. HP: 31/31 MP: 2/2
   596 | D:1      | Found a faded altar of an unknown god.
  1794 | D:2      | Identified a scroll of acquirement
  1794 | D:2      | Acquired a +1 morningstar of protection
  1858 | D:3      | Noticed Terence
  1863 | D:3      | Killed Terence
  1864 | D:3      | Reached skill level 1 in Maces & Flails
  1864 | D:3      | Reached XP level 4. HP: 33/39 MP: 3/3
  2611 | D:3      | Acquired the +2 pair of boots of Cloud Cover {rElec rPois
                  | Regen+ Slay+5}
  2672 | D:4      | Reached skill level 2 in Maces & Flails
  2672 | D:4      | Reached skill level 5 in Armour
  2672 | D:4      | Reached skill level 5 in Shields
  2672 | D:4      | Reached XP level 5. HP: 45/45 MP: 4/4
  2820 | D:4      | Found a shimmering blue altar of Sif Muna.
  2844 | D:4      | Reached skill level 3 in Maces & Flails
  3076 | D:4      | Reached XP level 6. HP: 51/51 MP: 5/5
  3091 | D:4      | Found a burning altar of Makhleb.
  3318 | D:4      | Found a sacrificial altar of Ru.
  3335 | D:4      | Reached skill level 4 in Maces & Flails
  3344 | D:4      | Identified the +4 spear of Harmony {vamp, Str+3 SInv}
  3619 | D:4      | Became a worshipper of Makhleb the Destroyer
  3752 | D:5      | Entered Level 5 of the Dungeon
  3843 | D:5      | Noticed an ice beast
  3849 | D:5      | Killed an ice beast
  3850 | D:5      | Reached skill level 5 in Maces & Flails
  3850 | D:5      | Reached XP level 7. HP: 57/57 MP: 6/6
  4360 | D:6      | Reached skill level 6 in Maces & Flails
  4365 | D:6      | Noticed Pikel
  4375 | D:6      | Noticed Eustachio
  4382 | D:6      | Killed Pikel
  4383 | D:6      | Reached skill level 7 in Maces & Flails
  4383 | D:6      | Reached XP level 8. HP: 19/64 MP: 7/7
  4390 | D:6      | Reached * piety under Makhleb
  4406 | D:6      | Killed Eustachio
  4407 | D:6      | Reached skill level 8 in Maces & Flails
  4572 | D:6      | Reached skill level 9 in Maces & Flails
  4617 | D:6      | Reached XP level 9. HP: 65/70 MP: 8/8
  4665 | D:6      | Found a staircase to the Ecumenical Temple.
  4671 | Temple   | Entered the Ecumenical Temple
  4890 | D:6      | Found a runed translucent door.
  4891 | D:6      | Noticed Crazy Yiuf
  5034 | D:6      | Killed Crazy Yiuf
  5135 | D:7      | Found a flagged portal.
  5150 | D:7      | Found a glowing golden altar of the Shining One.
  5206 | D:7      | Reached skill level 10 in Maces & Flails
  5306 | D:7      | Reached ** piety under Makhleb
  5309 | Bailey   | Entered a bailey
  5446 | Bailey   | Reached skill level 11 in Maces & Flails
  5474 | Bailey   | Identified the +2 rapier "Errucag" {flame, Str+5 Int-5}
  5712 | D:7      | Found a glowing silver altar of Zin.
  5881 | D:7      | Reached XP level 10. HP: 68/77 MP: 9/9
  5890 | D:7      | Found Ticaujag's Magic Scroll Emporium.
  5911 | D:7      | Bought a scroll of enchant armour for 75 gold pieces
  6420 | D:8      | Reached *** piety under Makhleb
  6422 | D:8      | Reached skill level 12 in Maces & Flails
  6654 | D:8      | Found a white marble altar of Elyvilon.
  6826 | D:9      | Reached skill level 10 in Armour
  6879 | D:9      | Reached skill level 10 in Shields
  7201 | D:9      | Reached skill level 13 in Maces & Flails
  7456 | D:9      | Found an iron altar of Okawaru.
  7479 | D:10     | Entered Level 10 of the Dungeon
  7565 | D:10     | Noticed a red ugly thing
  7578 | D:10     | Killed a red ugly thing
  7681 | D:10     | Reached **** piety under Makhleb
  7740 | D:10     | Reached XP level 11. HP: 82/82 MP: 10/10
  7826 | D:10     | Found a broken altar of Ashenzari.
  7876 | D:10     | Reached skill level 14 in Maces & Flails
  7963 | D:10     | Found a blossoming altar of Fedhas.
  8187 | D:11     | Identified the amulet "Lunycef" {Regen+ rCorr Str+2}
  8210 | D:11     | Noticed a two-headed ogre
  8214 | D:11     | Killed a two-headed ogre
  8278 | D:11     | Noticed a two-headed ogre
  8288 | D:11     | Killed a two-headed ogre
  8297 | D:11     | Found a staircase to the Lair.
  8445 | D:11     | Got Sif Muna's Guidebook on Igneous Malediction
  8527 | D:11     | Found a staircase to the Orcish Mines.
  8527 | D:11     | Noticed an orc knight
  8528 | D:11     | Found Xeluumm's Armour Boutique.
  8528 | D:11     | Noticed a five-headed hydra
  8548 | D:11     | Killed an orc knight
  8549 | D:11     | Reached skill level 15 in Maces & Flails
  8554 | D:11     | Killed a five-headed hydra
  8957 | D:11     | Reached ***** piety under Makhleb
  9052 | Orc:1    | Entered Level 1 of the Orcish Mines
  9127 | Orc:1    | Noticed an orc knight
  9127 | Orc:1    | Noticed Fannar
  9129 | Orc:1    | Noticed a two-headed ogre
  9129 | Orc:1    | Noticed an orc knight
  9146 | Orc:1    | Killed an orc knight
  9151 | Orc:1    | Killed a two-headed ogre
  9152 | Orc:1    | Reached skill level 16 in Maces & Flails
  9152 | Orc:1    | Reached XP level 12. HP: 46/90 MP: 11/11
  9199 | Orc:1    | Killed Fannar
  9244 | Orc:1    | Found Bomig's Weapon Boutique.
  9260 | Orc:1    | Noticed Harold
  9266 | Orc:1    | Killed Harold
  9715 | Orc:2    | Entered Level 2 of the Orcish Mines
  9755 | Orc:2    | Noticed Maurice
  9767 | Orc:2    | Killed Maurice
  9892 | Orc:2    | Noticed an orc high priest
  9914 | Orc:2    | Found Hahed's Antique Weapon Boutique.
  9924 | Orc:2    | Killed an orc high priest
  9963 | Orc:2    | Bought a glowing hand axe for 156 gold pieces
  9963 | Orc:2    | Bought a bloodstained morningstar for 234 gold pieces
  9963 | Orc:2    | Identified the +7 morningstar of the Wilderness {venom,
                  | rElec rPois rN++ Dex+4} (You bought it in a shop on level 2
                  | of the Orcish Mines)
 10245 | Orc:2    | Reached ****** piety under Makhleb
 10329 | Orc:2    | Noticed Saint Roka
 10331 | Orc:2    | Found Vacuschy's Antique Armour Shop.
 10354 | Orc:2    | Killed Saint Roka
 10418 | Orc:2    | Found Ykixuh's Antique Weapon Boutique.
 10440 | Orc:2    | Bought a pair of embroidered gloves for 247 gold pieces
 10561 | Orc:2    | Found a staircase to the Elven Halls.
 10642 | Orc:2    | Reached skill level 15 in Armour
 10674 | Orc:2    | Reached skill level 15 in Shields
 10674 | Orc:2    | Reached XP level 13. HP: 79/95 MP: 12/12
 10864 | Orc:2    | Found Aniasch's Antique Armour Emporium.
 10871 | Orc:2    | Bought a runed plate armour for 702 gold pieces
 11031 | Elf:1    | Entered Level 1 of the Elven Halls
 11260 | Elf:1    | Paralysed by an air elemental for 1 turns
 11275 | Elf:1    | Slain by a +5 glaive of protection

Illustrated notes

Levels and vault maps discovered:
D:1:      dpeg_arrival_rooms_b, layout_rooms, shapermc_ecumenical_altar_venn,
          minmay_tromino_v2
D:2:      layout_loops_corners, dreamdust_wishing_well
D:3:      layout_basic, uniq_terence
D:4:      layout_gridville, mainiacjoe_overflow_catwalk,
          nicolae_overflow_crystal_walls, mainiacjoe_overflow_paths, st_stairs_5
D:5:      layout_cave_pools
D:6:      layout_rooms, minmay_temple_entry_hall, uniq_crazy_yiuf_cottage,
          uniq_pikel, uniq_eustachio
D:7:      layout_loops_ring, zin_treasury, tso_metal_star, enter_bailey_5,
          serial_shops, shop
D:8:      layout_cave_pools, general_overflow_altar
D:9:      layout_roguey, okawaru_metal_pillars_1_2
D:10:     layout_roguey, fedhas_altar_fruit_tree, mainiacjoe_overflow_chevrons
D:11:     layout_roguey, minmay_lair_entry_grove, orc_david_3,
          kennysheep_cross_bottleneck, corexii_checkpoint_b,
          kennysheep_generic_room_7
Temple:   nicolae_temple_ecumenical_triangle
Orc:1:    minmay_goldmine, layout_caves, serial_shops, shop_statue, uniq_fannar,
          uniq_harold
Orc:2:    grunt_orc_community_town_hall, layout_diamond_mine,
          grunt_orc_community_big_house_1, grunt_orc_community_big_house_2,
          grunt_orc_community_house_3, grunt_orc_community_house_2,
          grunt_orc_community_house_3, grunt_orc_community_house_1,
          grunt_orc_community_house_1, uniq_maurice
Elf:1:    eino_elf_arrival_customs, layout_rooms, ebering_ghost_gozag,
          orc_legates, minmay_shop_grove

Skill      XL: |  1  2  3  4  5  6  7  8  9 10 11 12 |
---------------+-------------------------------------+-----
Long Blades    | 3 |  3.4
Armour         | 4 5 7 8 9 10 12 15 | 15.8
Shields        | 4 5 6 7 8 9 10 12 15 | 15.7
Maces & Flails | 1 2 3 5 7 9 11 13 16 | 16.0
Fighting       | |  3.6

Action                   |  1- 3 |  4- 6 |  7- 9 | 10-12 | 13-15 || total
-------------------------+-------+-------+-------+-------+-------++-------
Melee: Long sword        |    76 |       |       |       |       ||    76
       Headbutt          |    11 |     9 |    24 |   104 |    14 ||   162
       Mace              |     9 |       |       |       |       ||     9
       Morningstar       |     3 |    88 |   147 |   537 |    84 ||   859
  Use: Scroll            |     7 |    10 |     4 |     5 |     3 ||    29
       Potion            |       |     1 |     6 |     3 |       ||    10
 Stab: Distracted        |       |       |     1 |     2 |       ||     3
Armor: Scale mail        |    27 |    28 |       |       |       ||    55
       Plate armour      |       |     8 |    94 |   142 |    27 ||   271
       Chain mail        |       |       |       |    14 |     7 ||    21
Dodge: Dodged            |    32 |    35 |    39 |    87 |    11 ||   204
Block: Buckler           |    20 |    16 |       |       |       ||    36
       Kite shield       |       |     3 |    89 |   183 |    45 ||   320
